Map: Ice and Chrome LE

Players

SKillous

  • Race: Protoss Protoss
  • League: Grandmaster
  • Spawn Location: 7:00

TLHarstem (Harstem) - Winner!

  • Race: Protoss Protoss
  • League: Master
  • Spawn Location: 1:00

Event: DreamHack SC2 Masters 2020 Fall

VOD

Have the link to the VOD?

Description

Time

  • Played on: Sept. 6, 2020, 12:53 p.m.
  • Length: 7:00

All games in this series

Show
View Real Time Build Order
Export as new Build Order

SKillous Protoss 

Build Orders:  

Get SALT Encoding   

  12  0:00  Probe  
  13  0:12  Probe  
  14  0:17  Pylon  
  14  0:24  Probe (Chrono Boost)  
  15  0:37  Probe (Chrono Boost)  
  15  0:40  Gateway  
  16  0:45  Probe (Chrono Boost)  
  16  0:46  Assimilator  
  17  0:52  Probe (Chrono Boost)  
  17  0:54  Assimilator  
  18  1:04  Probe (Chrono Boost)  
  18  1:08  Gateway  
  19  1:13  Probe (Chrono Boost)  
  20  1:19  Probe  
  21  1:28  Cybernetics Core  
  21  1:31  Probe  
  22  1:35  Pylon  
  22  1:43  Probe  
  23  2:04  Stargate  
  23  2:05  Adept x2  
  27  2:11  Pylon  
  27  2:13  Warp Gate  
  27  2:35  Stalker  
  31  2:42  Void Ray (Chrono Boost), Pylon  
  33  2:54  Pylon  
  33  3:09  Void Ray (Chrono Boost)  
  37  3:20  Gateway, Pylon  
  37  3:39  Shield Battery  
  41  4:05  Adept x2  
  41  4:08  Pylon  
  41  4:26  Stalker  
  41  4:27  Stalker x2  
  42  4:48  Gateway  
  42  4:52  Adept x3  
  44  5:15  Adept  
  44  5:19  Pylon  
  44  5:20  Pylon  
  46  5:24  Pylon x2  
  44  5:39  Stalker x3  
  48  5:43  Stalker  
  48  5:59  Stalker x2  
  48  6:02  Adept x2  
  50  6:20  Stalker x2  
  42  6:35  Stalker x2  
  42  6:46  Stalker  
Show
View Real Time Build Order
Export as new Build Order

TLHarstem Protoss - Winner!

Build Orders: Nexus First 

Get SALT Encoding   

  12  0:00  Probe  
  13  0:12  Probe  
  14  0:18  Pylon  
  14  0:25  Probe  
  15  0:37  Probe  
  16  0:49  Probe  
  17  0:58  Nexus  
  17  1:08  Gateway  
  17  1:10  Probe (Chrono Boost)  
  18  1:20  Assimilator, Probe (Chrono Boost)  
  19  1:25  Assimilator, Probe (Chrono Boost)  
  20  1:39  Gateway, Probe  
  21  1:51  Probe  
  22  1:55  Cybernetics Core  
  22  2:03  Probe  
  23  2:10  Probe  
  24  2:18  Probe  
  26  2:28  Stalker x2 (Chrono Boost)  
  26  2:30  Probe, Warp Gate (Chrono Boost), Pylon  
  26  2:34  Probe  
  31  2:39  Pylon  
  32  2:50  Stalker (Chrono Boost)  
  32  2:51  Shield Battery  
  35  3:05  Stalker (Chrono Boost)  
  35  3:08  Pylon  
  34  3:14  Shield Battery  
  34  3:17  Probe  
  35  3:22  Probe  
  35  3:26  Stalker (Chrono Boost)  
  38  3:29  Shield Battery  
  38  3:31  Shield Battery  
  38  3:35  Stalker (Chrono Boost)  
  40  3:43  Probe  
  40  3:45  Probe  
  42  3:51  Pylon  
  42  3:57  Shield Battery  
  43  4:05  Pylon  
  42  4:11  Stalker x2  
  42  4:15  Probe  
  47  4:18  Probe  
  45  4:27  Probe  
  43  4:32  Stalker  
  43  4:36  Probe  
  46  4:39  Probe  
  47  4:48  Probe  
  47  4:50  Stalker  
  47  4:52  Probe  
  50  5:00  Shield Battery  
  50  5:03  Probe  
  50  5:04  Probe  
  52  5:15  Stalker, Probe  
  52  5:18  Probe  
  52  5:19  Gateway  
  56  5:27  Probe  
  57  5:30  Probe (Chrono Boost)  
  54  5:39  Probe (Chrono Boost)  
  54  5:40  Stalker  
  56  5:42  Probe (Chrono Boost)  
  56  5:48  Gateway, Probe (Chrono Boost)  
  56  5:49  Probe (Chrono Boost)  
  58  5:53  Probe  
  58  5:57  Probe  
  60  6:05  Stalker  
  60  6:06  Probe  
  60  6:09  Pylon, Probe  
  60  6:10  Assimilator  
  64  6:18  Probe  
  64  6:19  Stalker  
  64  6:21  Shield Battery  
  58  6:27  Probe  
  58  6:28  Stalker  
  58  6:29  Shield Battery  
  58  6:30  Probe  
  57  6:46  Stalker x2  

Tags
 
Add a new tag
Caveats
  • Supply blocks, unpowered buildings, or Contaminate may cause inaccurate times.
  • Supply counts are checked every 10 seconds.